 Dungeon Crawl Stone Soup version 0.30-a0-439-g9e77e4d916 (webtiles) character file.

Game seed: 1703766189916351433

28711 Jackthecabe the Destroyer (level 12, -1/96 HPs)
             Began as a Demigod Conjurer on Dec 10, 2022.
             Slain by a seven-headed hydra (7 damage)
             ... on level 2 of the Lair of Beasts.
             The game lasted 00:59:00 (19825 turns).

Jackthecabe the Destroyer (Demigod Conjurer)       Turns: 19825, Time: 00:59:00

Health: -1/96      AC: 12    Str:  8    XL:     12   Next: 78%
Magic:  2/21       EV: 15    Int: 40    God:
Gold:   789        SH:  0    Dex: 18    Spells: 1/19 levels left

rFire   + . .      SeeInvis .    o - +0 demon whip (venom)
rCold   + . .      Faith    .    (no shield)
rNeg    . . .      Spirit   .    u - +4 ring mail of the Six Singing Xenops {rPois Int+4 Stlth+}
rPois   +          Reflect  .    w - +0 helmet
rElec   .          Harm     .    l - scarf {rC+ rF+}
rCorr   .          Rampage  .    c - +0 pair of gloves
Will    +....                    (no boots)
Stlth   ++........               A - amulet of the acrobat
HPRegen 0.36/turn                E - +4 ring of evasion
MPRegen 0.17/turn                f - ring of the King {Fly Dex+6}

@: flying
A: high MP 1, forlorn, divine attributes
a: no special abilities


You were on level 2 of the Lair of Beasts.
You visited 2 branches of the dungeon, and saw 13 of its levels.

You collected 844 gold pieces.
You spent 55 gold pieces at shops.


Innate Abilities, Weirdness & Mutations

You have an increased reservoir of magic. (+10% MP)
You shall have no god before yourself.
Your divine heritage dramatically boosts your attributes as you level up.


   Skills:
 - Level 6.0 Fighting
 - Level 4.0 Armour
 - Level 4.0 Dodging
 - Level 1.7 Stealth
 - Level 4.0 Spellcasting
 + Level 14.9 Conjurations
 - Level 7.0 Hexes
 - Level 4.0 Translocations
 - Level 6.0 Fire Magic
 - Level 5.0 Evocations


You had one spell level left.
You knew the following spells:

 Your Spells              Type           Power      Damage    Failure   Level
f - Fulminant Prism       Conj/Hex       38%        3d18      1%          4
i - Iskenderun's Mystic   Conj/Tloc      71%        2d14      1%          4
m - Magic Dart            Conj           100%       1d8       1%          1
o - Orb of Destruction    Conj           45%        9d12      17%         7
s - Searing Ray           Conj           100%       2d8       1%          2

Your spell library contained the following spells:

 Spells                   Type           Power      Damage    Failure   Level
 Freeze                   Ice            32%        1d5       9%          1
 Necrotise                Necr           32%        1d5       9%          1
 Sting                    Tmut/Pois      32%        1d4       9%          1
 Static Discharge         Conj/Air       100%       2-7/arc   1%          2
 Dazzling Flash           Conj/Hex       100%       N/A       1%          3
 Hailstorm                Conj/Ice       61%        3d13      1%          3
 Inner Flame              Hex/Fire       57%        N/A       1%          3
 Flame Wave               Conj/Fire      75%        2d17      1%          4
 Sticky Flame             Conj/Fire      75%        2d9       1%          4
 Iskenderun's Battlesphe  Conj           91%        2d14      1%          5
 Fireball                 Conj/Fire      37%        3d15      3%          5
 Vhi's Electric Charge    Tloc/Air       48%        N/A       12%         3
 Arcjolt                  Conj/Air       30%        1d40      12%         5
 Lightning Bolt           Conj/Air       30%        1d47      12%         5
 Poisonous Vapours        Pois/Air       16%        N/A       14%         2
 Starburst                Conj/Fire      37%        6d11      19%         6
 Frozen Ramparts          Ice            16%        1d3       26%         3
 Ozocubu's Armour         Ice            8%         N/A       26%         3
 Vampiric Draining        Necr           8%         2d6       26%         3
 Metabolic Englaciation   Hex/Ice        18%        N/A       52%         5
 Conjure Ball Lightning   Conj/Air       30%        3x3d10    54%         6
 Olgreb's Toxic Radiance  Pois           8%         N/A       65%         4
 Summon Lightning Spire   Summ/Air       8%         N/A       65%         4
 Agony                    Necr           8%         N/A       94%         5
 Simulacrum               Ice/Necr       4%         N/A       100%        6
 Ozocubu's Refrigeration  Ice            4%         4d8       100%        7
 Storm Form               Tmut/Air       4%         N/A       100%        7
 Maxwell's Capacitive Co  Air            4%         ∞         100%        8

Inventory:

Hand Weapons
 n - the +4 dagger "Morg" {pain, Will+ Int+5}
   (You found it on level 3 of the Dungeon)

   In the hands of one skilled in necromantic magic, it inflicts extra damage on
   living creatures.
   Int:       It affects your intelligence (+5).
   Will:      It increases your willpower.
 o - a +0 demon whip of venom (weapon)
   (You took it off Amaemon on level 11 of the Dungeon)
Missiles
 r - 2 throwing nets {=f!f}
 B - 2 curare-tipped darts {=f}
Armour
 c - a +0 pair of gloves (worn)
   (You found it on level 7 of the Dungeon)
 l - a scarf of resistance (worn)
   (You found it on level 3 of the Dungeon)
 u - the +4 ring mail of the Six Singing Xenops (worn) {rPois Int+4 Stlth+}
   (You found it on level 5 of the Dungeon)

   Int:       It affects your intelligence (+4).
   rPois:     It protects you from poison.
   Stlth:     It makes you more stealthy.
 w - a +0 helmet (worn)
   (You found it on level 4 of the Dungeon)
 y - a +0 pair of boots
   (You found it on level 11 of the Dungeon)
 T - a +1 robe of resistance
   (You took it off Erica on level 8 of the Dungeon)
Magical Staves
 I - a staff of earth {!a}
   (You found it on level 1 of the Lair of Beasts)
 R - a staff of fire {!a}
   (You found it on level 8 of the Dungeon)
Jewellery
 e - a +4 ring of evasion
   (You took it off Joseph on level 10 of the Dungeon)
 f - the ring of the King (right hand) {Fly Dex+6}
   (You took it off a centaur on level 5 of the Dungeon)

   [ring of dexterity]

   Dex:       It affects your dexterity (+6).
   Fly:       It grants you flight.
 v - a ring of see invisible
   (You found it on level 7 of the Dungeon)
 A - an amulet of the acrobat (around neck)
   (You found it on level 5 of the Dungeon)
 E - a +4 ring of evasion (left hand)
   (You took it off an orc on level 5 of the Dungeon)
 F - a ring of protection from fire
   (You found it on level 10 of the Dungeon)
 P - a ring of poison resistance
   (You found it on level 6 of the Dungeon)
Wands
 m - a wand of roots (11)
   (You found it on level 10 of the Dungeon)
 K - a wand of digging (5)
   (You found it on level 7 of the Dungeon)
Scrolls
 i - 2 scrolls of silence {!r}
 j - 2 scrolls of poison
 s - 2 scrolls of enchant armour {unknown}
 x - 2 scrolls of immolation {!r!r}
 z - 4 scrolls of butterflies
 C - 4 scrolls of amnesia
 D - 5 scrolls of teleportation {@r4}
 G - a scroll of blinking {!r}
 L - a scroll of summoning {unknown}
 M - a scroll of enchant weapon
 N - a scroll of vulnerability {unknown}
 O - a scroll of identify {@r1}
 W - a scroll of acquirement
 Z - 4 scrolls of magic mapping {unknown}
Potions
 a - a potion of mutation {!q}
 b - 7 potions of curing {@q1}
 d - 3 potions of experience {unknown}
 g - 3 potions of degeneration {unknown}
 h - 3 potions of attraction {!q}
 k - a potion of berserk rage {!q}
 p - 2 potions of haste {@q3}
 q - 11 potions of ambrosia
 t - 2 potions of brilliance
 H - 5 potions of cancellation {unknown}
 J - 3 potions of might {unknown}
 Q - a potion of flight
 U - 2 potions of lignification {unknown}
 V - 2 potions of resistance
Miscellaneous
 X - a lightning rod (4/4)
   (You found it on level 10 of the Dungeon)
 Y - a condenser vane
   (You found it on level 1 of the Lair of Beasts)

Dungeon Overview and Level Annotations

Branches:
Dungeon (11/15) Zot: 25463  Temple (0/1) D:6            Lair (2/5) D:9 Zot: 7934
 Shoals (0/4) Lair:2
  Snake: Lair:2-3    Spider: Lair:2-3       Orc: D:9-12

Shops:
D:2 !

Annotations:
D:4 1 runed translucent door, Crazy Yiuf
D:6 3 runed translucent doors, VibeKiller's ghost, novice SpEn

....# ### ##♣.♣##
######### ....#
#.....#♣♣.♣ ♣♣.♣ ....#
#♣...♣#♣.♣♣ #♣.~. ....#
#.♣.♣.#♣♣.♣♣#.~~~ ....#
♣ #♣...♣#♣♣♣.♣#♣.~.
##..# ♣.
#.....#♣...♣#♣♣.♣ #####
♣.. ##♣'♣##.###.#♣.#.
##.#
.#♣†.F♣#..>..#.#.#.#.~~~
..##
...†*kD@..8..'.#.'...~~~
..###
.#♣.Y.♣#..<..#.#.#.#.~~~
....# ♣..
##♣'♣##.###.#♣.#. #..##
♣. ♣♣.♣♣#♣...♣#♣♣.♣
#...# ♣
#♣...♣#♣♣♣.♣#♣.~. ....#
#.....#♣♣.♣♣#.~~~ ....#
#♣...♣#♣.♣♣ #♣.~. ....#
♣♣.♣♣ ♣♣.♣ ♣♣.♣
....######## ♣.♣
#########


You could see a death yak (ally target), a seven-headed hydra, a lindwurm, a
cane toad and a friendly fulminant prism.


Message History

Casting: Fulminant Prism (mildly dangerous; 1% risk of failure)
Confirm with . or Enter, or press ? or * to list all spells.
Aiming: Fulminant Prism (mildly dangerous; 1% risk of failure)
Press: ? - help, Dir - move target You conjure a prism of explosive energy!
A fulminant prism comes into view.
A lindwurm comes into view.
The komodo dragon misses you. 😕 MP[-3]
You lost 3 mp, and now have 13/21 mp.
You hit the komodo dragon but do no damage.
The yak gores your fulminant prism!
A death yak comes into view.
The komodo dragon bites you!
Your fulminant prism crackles loudly. 😕 HP[-13]
You take 13 damage, and now have 82/96 hp.
You closely miss the komodo dragon.
A cane toad comes into view.
The yak gores your fulminant prism. The komodo dragon closely misses you.
The blast of energy engulfs the yak!!!
You kill the yak!
The blast of energy engulfs the cane toad!!
The blast of energy engulfs the black mamba!!
The blast of energy engulfs the lindwurm!!
The blast of energy engulfs the seven-headed hydra!!
The blast of energy engulfs the komodo dragon!
You hear a croak.
Unknown command.
Casting: Fulminant Prism (mildly dangerous; 1% risk of failure)
Confirm with . or Enter, or press ? or * to list all spells.
Aiming: Fulminant Prism (mildly dangerous; 1% risk of failure)
Press: ? - help, Dir - move target You conjure a prism of explosive energy!
A fulminant prism comes into view.
The komodo dragon completely misses you. 😕 MP[-4]
You lost 4 mp, and now have 9/21 mp.
Unknown command.
You whack the komodo dragon!
The komodo dragon looks as sick as possible!
The komodo dragon barely misses you.
Your fulminant prism crackles loudly. 😕 HP[+1] Unknown command.
You hit the komodo dragon.
The cane toad stings your fulminant prism.
The komodo dragon bites you but does no damage.
The blast of energy engulfs the cane toad!!
The blast of energy engulfs the bullfrog!!
You kill the bullfrog!
The blast of energy engulfs the seven-headed hydra!!
The blast of energy engulfs the black mamba!!
You kill the black mamba!
The blast of energy engulfs the cane toad!
You kill the cane toad!
The blast of energy engulfs the komodo dragon!!
You kill the komodo dragon!
The blast of energy engulfs the lindwurm!!
Unknown command.
Casting: Fulminant Prism (mildly dangerous; 1% risk of failure)
Confirm with . or Enter, or press ? or * to list all spells.
Aiming: Fulminant Prism (mildly dangerous; 1% risk of failure)
Press: ? - help, Dir - move target You conjure a prism of explosive energy!
A fulminant prism comes into view.
The lindwurm breathes flames at you. The blast of flame hits you! You resist.
The cane toad stings your fulminant prism! 😮 HP[-15] MP[-3]
You take 15 damage, and now have 68/96 hp.
You lost 3 mp, and now have 6/21 mp.
Unknown command.
The cane toad stings your fulminant prism!
Unknown command.
You whack the seven-headed hydra!
The seven-headed hydra closely misses you.
The seven-headed hydra bites you but does no damage.
The seven-headed hydra bites you. x4
The seven-headed hydra bites you but does no damage. 😮 HP[-19]
You take 19 damage, and now have 49/96 hp.
Unknown command.
Casting: Fulminant Prism (mildly dangerous; 1% risk of failure)
Confirm with . or Enter, or press ? or * to list all spells.
Aiming: Fulminant Prism (mildly dangerous; 1% risk of failure)
Press: ? - help, Dir - move target You conjure a prism of explosive energy!
A fulminant prism comes into view.
The seven-headed hydra bites you!
* * * LOW HITPOINT WARNING * * *
The seven-headed hydra bites you!
* * * LOW HITPOINT WARNING * * *
The seven-headed hydra bites you!
* * * LOW HITPOINT WARNING * * *
The seven-headed hydra bites you!
* * * LOW HITPOINT WARNING * * *
The seven-headed hydra bites you.
* * * LOW HITPOINT WARNING * * *
The seven-headed hydra bites you!
You die...

Skill      XL: |  1  2  3  4  5  6  7  8  9 10 11 12 |
---------------+-------------------------------------+-----
Spellcasting   | 2 3 4 |  4.0
Conjurations   | 4 5 6 10 12 14 | 14.9
Hexes          | 3 4 6 7 |  7.0
Fighting       | 2 3 5 6 |  6.0
Translocations | 4 |  4.0
Armour         | 4 |  4.0
Evocations     | 2 5 |  5.0
Fire Magic     | 6 |  6.0
Dodging        | 4 |  4.0
Stealth        | |  1.7

Action                   |  1- 3 |  4- 6 |  7- 9 | 10-12 || total
-------------------------+-------+-------+-------+-------++-------
Melee: Unarmed           |    15 |     8 |       |       ||    23
       Dagger            |       |    21 |    65 |    58 ||   144
       Punch             |       |       |     2 |     4 ||     6
       Demon whip        |       |       |       |   181 ||   181
Throw: Dart              |       |       |     1 |     1 ||     2
       Throwing net      |       |       |       |     1 ||     1
 Cast: Magic Dart        |    86 |   125 |   183 |   160 ||   554
       Searing Ray       |     2 |    11 |    17 |    62 ||    92
       Fulminant Prism   |       |     3 |    32 |   123 ||   158
       Iskenderun's Myst |       |       |       |     4 ||     4
Evoke: Lightning rod     |       |       |       |     2 ||     2
       Wand              |       |       |       |     4 ||     4
  Use: Potion            |     1 |     1 |     2 |       ||     4
       Scroll            |       |       |     9 |     6 ||    15
 Stab: Sleeping          |       |       |       |     1 ||     1
Armor: Robe              |    11 |    14 |    13 |       ||    38
       Ring mail         |       |       |    17 |   188 ||   205
Dodge: Dodged            |    26 |    54 |   113 |   513 ||   706

Levels and vault maps discovered:
D:1:      dpeg_arrival_boxorama, layout_basic
D:2:      layout_loops_cross, serial_shops, shop_fountains,
          dilly_ecumenical_altar_fadedgnrine, uniq_jessica
D:3:      layout_basic, dilly_guarded_unrand_morg
D:4:      layout_rooms, st_stairs_12, minmay_increasing_density, uniq_menkaure,
          uniq_robin, uniq_crazy_yiuf_cottage
D:5:      minmay_octagon_keep, layout_cave_pools, grunt_decor_one_mirror,
          uniq_pikel
D:6:      layout_rooms, minmay_overflow_temple_star_quad,
          okawaru_altar_gauntlet_db, minmay_temple_entry_hall,
          ebering_ghost_rock_garden
D:7:      layout_basic, amethyst_overflow_temple_binary, serial_bayou_ford_a
D:8:      layout_gridville, nicolae_hepliaklqana_hazy_memory,
          minmay_misc_feat_diagonals
D:9:      layout_big_octagon, david_lair_shrubbed, serial_glass,
          glass_columns_a, glass_columns_b, nrook_uturn, serial_bayou_lagoon_b,
          uniq_erica, uniq_maggie
D:10:     layout_cave_pools, mainiacjoe_overflow_surrounded_room, uniq_joseph
D:11:     layout_long_grid, serial_glass, glass_columns_a, glass_columns_b,
          feat_on_display, minmay_strange_pillars, uniq_amaemon
Lair:1:   layout_layer_cave
Lair:2:   nzn_winding_woodlands_stair_cross
          [nzn_winding_woodlands_5x15_pathside_ponds,
          nzn_winding_woodlands_center_garden,
          nzn_winding_woodlands_5x15_default, nzn_winding_woodlands_5x5_default,
          nzn_winding_woodlands_hourglass, nzn_winding_woodlands_5x15_cabin,
          nzn_winding_woodlands_center_triple_pond,
          nzn_winding_woodlands_5x15_lazy_stream], layout_cave_pods,
          elwin_shoals_entry_rocks, special_room [special_room_bee],
          grunt_forest_large_clearings

Notes
Turn   | Place    | Note
-------+----------+-------------------------------------------
     0 | D:1      | Jackthecabe the Demigod Conjurer began the quest for the
                  | Orb.
     0 | D:1      | Reached XP level 1. HP: 14/14 MP: 5/5
     0 | D:1      | magus.rc [v1.11.4]
   178 | D:1      | Reached skill level 2 in Spellcasting
   204 | D:1      | Reached skill level 4 in Conjurations
   315 | D:1      | Reached XP level 2. HP: 20/20 MP: 5/7
   359 | D:1      | Learned a level 2 spell: Searing Ray
  1443 | D:2      | Reached XP level 3. HP: 26/26 MP: 4/8
  1721 | D:2      | Found Nul Nose's Distillery.
  1730 | D:2      | Bought a potion of heal wounds for 55 gold pieces
  1785 | D:2      | You add the spells Sting, Poisonous Vapours and Olgreb's
                  | Toxic Radiance to your library.
  1869 | D:2      | Noticed Jessica
  1871 | D:2      | Killed Jessica
  1872 | D:2      | Reached skill level 5 in Conjurations
  2305 | D:3      | You pick up a book of Spectacle and begin reading...
  2359 | D:3      | Reached XP level 4. HP: 33/33 MP: 6/9
  2876 | D:3      | Noticed Natasha
  3231 | D:3      | Killed Natasha
  3324 | D:3      | Found the +4 dagger "Morg" {pain, Will+ Int+5}
  3336 | D:3      | You pick up a book of Necromancy and begin reading...
  3336 | D:3      | You add the spells Necrotise, Vampiric Draining and Agony
                  | to your library.
  3765 | D:3      | Reached XP level 5. HP: 12/38 MP: 0/10
  3867 | D:3      | Noticed Natasha
  3871 | D:3      | Killed Natasha
  3872 | D:3      | Reached skill level 6 in Conjurations
  3882 | D:3      | Learned a level 4 spell: Fulminant Prism
  3915 | D:4      | magus.rc [v1.11.4]
  3917 | D:4      | Reached skill level 1 in Hexes
  4088 | D:3      | HP: 8/38 [adder (2)]
  4092 | D:3      | Reached skill level 2 in Hexes
  4260 | D:4      | Noticed a black bear
  4274 | D:4      | Killed a black bear
  4275 | D:4      | Reached skill level 3 in Hexes
  4275 | D:4      | Reached XP level 6. HP: 45/45 MP: 7/12
  4424 | D:4      | Noticed Robin
  4429 | D:4      | Killed Robin
  4430 | D:4      | Noticed Menkaure
  4752 | D:4      | Killed Menkaure
  4753 | D:4      | Reached skill level 4 in Hexes
  4917 | D:4      | Reached XP level 7. HP: 50/50 MP: 5/13
  5035 | D:4      | Reached skill level 5 in Hexes
  5113 | D:4      | Found a runed translucent door.
  5114 | D:4      | Noticed Crazy Yiuf
  5275 | D:4      | You pick up a book of Lightning and begin reading...
  5275 | D:4      | You add the spells Static Discharge, Vhi's Electric Charge,
                  | Lightning Bolt and Arcjolt to your library.
  5403 | D:4      | You fall into a shaft and drop 2 floors!
  5531 | D:6      | Noticed a steam dragon
  5543 | D:6      | Killed a steam dragon
  5544 | D:6      | Reached skill level 6 in Hexes
  5544 | D:6      | Reached skill level 3 in Spellcasting
  5554 | D:6      | Reached skill level 1 in Fighting
  5743 | D:6      | Found a runed translucent gate.
  5743 | D:6      | Noticed VibeKiller's ghost (novice SpEn)
  5744 | D:6      | Found a runed translucent gate.
  5745 | D:6      | Found a runed translucent gate.
  5763 | D:6      | Reached skill level 2 in Fighting
  5768 | D:6      | Learned a level 4 spell: Iskenderun's Mystic Blast
  5884 | D:5      | Entered Level 5 of the Dungeon
  5993 | D:5      | Reached XP level 8. HP: 30/61 MP: 6/15
  6109 | D:5      | You pick up a book of Frost and begin reading...
  6109 | D:5      | You add the spells Freeze, Frozen Ramparts and Hailstorm to
                  | your library.
  6187 | D:5      | Reached skill level 7 in Conjurations
  6568 | D:5      | Reached skill level 8 in Conjurations
  6569 | D:5      | Identified the ring of the King {Fly Dex+6}
  6581 | D:5      | HP: 11/61 [centaur (5)]
  6934 | D:5      | Identified the +4 ring mail of the Six Singing Xenops
                  | {rPois Int+4 Stlth+}
  7029 | D:5      | Reached skill level 9 in Conjurations
  7187 | D:5      | Noticed Pikel
  7195 | D:5      | Killed Pikel
  7196 | D:5      | Reached skill level 10 in Conjurations
  7196 | D:5      | Reached XP level 9. HP: 56/67 MP: 4/16
  7700 | D:6      | Found a staircase to the Ecumenical Temple.
  8102 | D:7      | Reached skill level 1 in Translocations
  8107 | D:7      | Reached skill level 2 in Translocations
  8293 | D:7      | Reached skill level 3 in Translocations
  8394 | D:7      | Reached skill level 4 in Translocations
  8840 | D:7      | Reached skill level 3 in Fighting
  9555 | D:8      | Noticed a two-headed ogre
  9561 | D:8      | Killed a two-headed ogre
  9562 | D:8      | Reached skill level 7 in Hexes
  9562 | D:8      | Reached skill level 2 in Armour
  9718 | D:8      | Reached skill level 3 in Armour
  9789 | D:8      | Reached skill level 4 in Armour
  9789 | D:8      | Reached XP level 10. HP: 73/77 MP: 2/17
 10116 | D:8      | Reached skill level 4 in Fighting
 10282 | D:8      | Reached skill level 1 in Evocations
 10757 | D:8      | Reached skill level 2 in Evocations
 10757 | D:8      | Reached skill level 2 in Fire Magic
 10827 | D:8      | Reached skill level 3 in Fire Magic
 10904 | D:8      | Reached skill level 4 in Fire Magic
 11109 | D:9      | Noticed Maggie
 11118 | D:9      | Killed Maggie
 11119 | D:9      | Reached skill level 5 in Fire Magic
 11604 | D:9      | Noticed Erica
 11614 | D:8      | Reached skill level 6 in Fire Magic
 11772 | D:8      | HP: 14/78 [something/lance of force (16)]
 11773 | D:8      | Killed Erica
 11774 | D:8      | Reached skill level 4 in Spellcasting
 12489 | D:9      | Found a staircase to the Lair.
 12896 | D:10     | Entered Level 10 of the Dungeon
 12904 | D:9      | Reached skill level 5 in Fighting
 13082 | D:9      | Reached XP level 11. HP: 83/88 MP: 11/20
 13348 | D:10     | Noticed Joseph
 13547 | D:10     | Identified the +0 leather armour "Orisa" {Will+}
 13604 | D:10     | Reached skill level 6 in Fighting
 13604 | D:10     | Reached skill level 2 in Dodging
 13678 | D:10     | Killed Joseph
 13795 | D:10     | Reached skill level 3 in Dodging
 14294 | D:11     | Reached skill level 4 in Dodging
 14421 | D:11     | Noticed Amaemon
 14445 | D:11     | Killed Amaemon
 14446 | D:11     | Reached skill level 3 in Evocations
 14565 | D:11     | Reached skill level 4 in Evocations
 14695 | D:11     | Reached skill level 5 in Evocations
 15542 | D:11     | Reached skill level 11 in Conjurations
 15778 | Lair:1   | Entered Level 1 of the Lair of Beasts
 16010 | Lair:1   | Noticed a catoblepas
 16021 | Lair:1   | Killed a catoblepas
 16156 | Lair:1   | You pick up a book of Flames and begin reading...
 16156 | Lair:1   | You add the spells Inner Flame, Sticky Flame and Flame Wave
                  | to your library.
 16440 | Lair:1   | You pick up a book of the Spheres and begin reading...
 16440 | Lair:1   | You add the spells Iskenderun's Battlesphere, Fireball,
                  | Conjure Ball Lightning and Orb of Destruction to your
                  | library.
 16450 | Lair:1   | Identified a scroll of acquirement
 16465 | Lair:1   | Reached skill level 12 in Conjurations
 16973 | Lair:2   | Found a staircase to the Shoals.
 17044 | Lair:2   | Reached XP level 12. HP: 96/96 MP: 9/21
 17118 | Lair:2   | You add the spells Ozocubu's Armour and Ozocubu's
                  | Refrigeration to your library.
 17124 | Lair:2   | You pick up a book of Winter and begin reading...
 17124 | Lair:2   | You add the spells Metabolic Englaciation and Simulacrum to
                  | your library.
 17133 | Lair:2   | Learned a level 7 spell: Orb of Destruction
 17221 | Lair:2   | Noticed an eight-headed hydra
 17237 | Lair:2   | Killed an eight-headed hydra
 17571 | Lair:2   | Noticed a four-headed hydra
 17588 | Lair:2   | Killed a four-headed hydra
 17589 | Lair:2   | Reached skill level 13 in Conjurations
 17899 | Lair:2   | Reached skill level 14 in Conjurations
 19146 | Lair:2   | Noticed an eight-headed hydra
 19170 | Lair:2   | HP: 17/96 [eight-headed hydra (10)]
 19170 | Lair:2   | HP: 5/96 [eight-headed hydra (12)]
 19171 | Lair:2   | Killed an eight-headed hydra
 19756 | Lair:2   | You pick up a book of the Sky and begin reading...
 19756 | Lair:2   | You add the spells Summon Lightning Spire, Storm Form and
                  | Maxwell's Capacitive Coupling to your library.
 19816 | Lair:2   | Noticed a seven-headed hydra
 19825 | Lair:2   | HP: 19/96 [seven-headed hydra (12)]
 19825 | Lair:2   | HP: 6/96 [seven-headed hydra (6)]
 19825 | Lair:2   | Slain by a seven-headed hydra

Vanquished Creatures
  3 hydras (Lair:2)
  Erica (D:8)
  A catoblepas (Lair:1)
  A two-headed ogre (D:8)
  Amaemon (D:11)
  Pikel (D:5)
  A lindwurm (Lair:2)
  An ugly thing (D:11)
  A cyclops (D:11)
  Joseph (D:10)
  A manticore (D:11)
  6 cane toads (Lair:2)
  4 black mambas
  An orange demon (D:11)
  A gargoyle (D:11)
  2 komodo dragons
  4 kobold demonologists (D:8)
  Maggie (D:9)
  A troll (D:11)
  A queen bee (Lair:2)
  A hornet (D:11)
  8 blink frogs
  2 shadows
  A wyvern (Lair:2)
  17 yaks
  2 basilisks (Lair:1)
  5 steam dragons
  7 vampire mosquitoes
  Menkaure (D:4)
  9 water moccasins
  3 acid dragons
  2 orc warriors
  A sky beast (D:8)
  5 black bears
  31 wolves
  A phantom (D:5)
  An ogre (D:5)
  4 centaurs
  2 lemures (D:5)
  12 bullfrogs
  4 kobold brigands
  2 necrophages
  3 scorpions
  12 wights
  37 killer bees
  7 electric eels
  3 howler monkeys
  2 orc priests
  A gnoll bouda (D:4)
  4 hounds
  4 jellies
  Jessica (D:2)
  6 iguanas
  Natasha (twice) (D:3)
  5 orc wizards
  Robin (D:4)
  2 gnolls (D:6)
  8 adders
  A shadow imp (D:5)
  A white imp (D:8)
  2 ufetubi
  A spectral adder (D:3)
  An adder skeleton (D:3)
  3 worms
  3 dart slugs
  An adder simulacrum (D:3)
  36 orcs
  5 endoplasms
  4 giant cockroaches
  11 goblins
  13 hobgoblins
  4 jackals (D:1)
  23 kobolds
  3 quokkas
  6 ball pythons
  3 ball python skeletons (D:3)
  9 bats
  9 rats
392 creatures vanquished.

Vanquished Creatures (others)
  A phantom (D:5)
  156 fulminant prisms
  13 fungi
  94 plants
  21 withered plants (D:3)
285 creatures vanquished.

Grand Total: 677 creatures vanquished

Table legend:
 A = Non-vault XP
 B = Vault XP
 C = Vault XP percentage of total XP
 D = Non-vault monster count
 E = Vault monster count
 F = Vault count percentage of total count
                 A         B        C        D         E       F
            +---------+---------+-------+---------+---------+-------
      Total |   25897 |   15120 |  36.9 |     274 |     117 |  29.9
            +---------+---------+-------+---------+---------+-------
        D:1 |      45 |       0 |   0.0 |      26 |       0 |   0.0
        D:2 |      31 |      37 |  54.4 |      18 |       1 |   5.3
        D:3 |     125 |      89 |  41.6 |      18 |       8 |  30.8
        D:4 |     383 |     297 |  43.7 |      25 |      18 |  41.9
        D:5 |     647 |    1497 |  69.8 |      17 |      13 |  43.3
        D:6 |     569 |      36 |   6.0 |      12 |       6 |  33.3
        D:7 |    1315 |       0 |   0.0 |      22 |       0 |   0.0
        D:8 |    5319 |     844 |  13.7 |      52 |       1 |   1.9
        D:9 |    1811 |     748 |  29.2 |      18 |       2 |  10.0
       D:10 |     917 |     475 |  34.1 |       6 |       1 |  14.3
       D:11 |    5235 |    1196 |  18.6 |      23 |       2 |   8.0
     Lair:1 |    4100 |       0 |   0.0 |      18 |       0 |   0.0
     Lair:2 |    5400 |    9901 |  64.7 |      19 |      65 |  77.4
            +---------+---------+-------+---------+---------+-------

Illustrated notes

Table legend:
 A = Kills in this place as a percentage of kills in entire the game.
 B = Kills by you in this place as a percentage of kills by you in the entire game.
 C = Kills by friends in this place as a percentage of kills by friends in the entire game.
 D = Other kills in this place as a percentage of other kills in the entire game.
 E = Experience gained in this place as a percentage of experience gained in the entire game.
 F = Experience gained in this place divided by the number of levels of this place that you have seen.
                   A       B       C       D       E      F
               +-------+-------+-------+-------+-------+----------------------
         Total | 100.0 | 100.0 |   N/A | 100.0 | 100.0 | 3155.2
       Dungeon |  73.9 |  73.8 |   N/A | 100.0 |  52.7 | 1965.1
          Lair |  26.1 |  26.2 |   N/A |   0.0 |  47.3 | 9700.5
               +-------+-------+-------+-------+-------+----------------------

Table legend: (Time is in decaauts)
 A = Elapsed time spent in this place.
 B = Non-inter-level travel time spent in this place.
 C = Inter-level travel time spent in this place.
 D = Time resting spent in this place.
 E = Time spent auto-exploring this place.
 F = Levels seen in this place.
 G = Mean time per level.
                   A        B        C        D        E       F      G
               +--------+--------+--------+--------+--------+-----+--------+
         Total |  19850 |  19382 |    468 |   3158 |  13519 |  13 | 1526.9 |
       Dungeon |  15785 |  15362 |    423 |   2708 |  10596 |  11 | 1435.0 |
          Lair |   4064 |   4019 |     45 |    450 |   2923 |   2 | 2032.0 |
               +--------+--------+--------+--------+--------+-----+--------+

Top non-repeatable levels by time:
  Lair:2: 2951 daAuts
     D:8: 2658 daAuts
     D:3: 1708 daAuts
     D:5: 1468 daAuts
     D:9: 1408 daAuts
     D:4: 1398 daAuts
    D:11: 1379 daAuts
     D:1: 1375 daAuts
     D:7: 1372 daAuts
     D:6: 1132 daAuts
  Lair:1: 1113 daAuts
    D:10: 962 daAuts
     D:2: 921 daAuts
